Map: Tierra azul EJ

Players

cantstanzya

  • Race: Zerg Zerg
  • League: Platinum
  • Spawn Location: 1:00

ONe - Winner!

  • Race: Protoss Protoss
  • League: Platinum
  • Spawn Location: 7:00

VOD

Have the link to the VOD?

Description

Time

  • Played on: Aug. 27, 2018, 12:06 p.m.
  • Length: 16:19
Show
View Real Time Build Order
Export as new Build Order

cantstanzya Zerg 

Build Orders: Hatch First 

Get SALT Encoding   

  12  0:01  Drone  
  13  0:13  Overlord  
  13  0:17  Drone  
  14  0:47  Hatchery  
  13  0:50  Drone  
  14  1:07  Spawning Pool  
  14  1:11  Drone  
  14  1:22  Drone  
  15  1:28  Drone  
  16  1:33  Extractor  
  16  1:34  Drone  
  16  1:37  Extractor  
  16  1:52  Drone x2  
  18  1:57  Drone  
  18  2:00  Queen  
  21  2:04  Extractor  
  21  2:05  Drone  
  21  2:09  Drone  
  22  2:16  Drone  
  24  2:26  Drone x2  
  26  2:31  Extractor  
  26  2:35  Drone x2  
  27  2:39  Metabolic Boost  
  28  2:53  Overlord  
  28  3:06  Hatchery  
  28  3:11  Queen  
  29  3:19  Extractor  
  28  3:21  Zergling x4  
  28  3:22  Overlord  
  31  3:31  Queen  
  31  3:33  Drone x2  
  34  3:59  Queen  
  34  4:01  Drone x3  
  34  4:02  Drone x2  
  40  4:24  Lair  
  40  4:25  Drone x4  
  40  4:26  Overlord, Roach Warren  
  40  4:29  Zergling x4  
  45  4:38  Drone x2  
  47  4:52  Drone x4  
  51  4:54  Extractor  
  51  4:58  Drone x3, Extractor  
  51  4:59  Queen  
  54  5:02  Spore Crawler  
  54  5:04  Spine Crawler  
  54  5:06  Drone x4, Overlord  
  57  5:26  Glial Reconstitution  
  57  5:35  Evolution Chamber  
  57  5:37  Evolution Chamber  
  57  5:40  Overlord x2  
  55  5:48  Roach  
  55  5:49  Roach x4  
  65  5:52  Zergling x2  
  65  5:56  Overlord x2  
  65  5:57  Overlord x2  
  65  6:02  Zerg Missile Weapons Level 1  
  65  6:06  Zerg Ground Armor Level 1  
  65  6:20  Drone x5  
  70  6:26  Zergling x6  
  70  6:27  Zergling x14  
  70  6:28  Hydralisk Den  
  79  6:33  Extractor  
  78  6:40  Overseer  
  78  6:43  Drone  
  78  6:44  Drone x2  
  75  7:03  Hydralisk  
  75  7:04  Hydralisk x4  
  82  7:09  Spore Crawler  
  80  7:21  Roach x4  
  88  7:26  Drone  
  88  7:27  Drone x10  
  93  7:46  Drone  
  93  7:47  Roach x3  
  95  8:02  Roach x5  
  105  8:10  Extractor  
  104  8:19  Extractor  
  103  8:29  Hydralisk x4  
  103  8:30  Hydralisk  
  111  8:39  Queen  
  111  8:40  Spore Crawler  
  112  8:49  Zergling x2  
  112  8:50  Zergling x2  
  112  8:52  Overlord x3  
  114  9:02  Hatchery  
  113  9:11  Hydralisk x4  
  113  9:12  Hydralisk x5  
  113  9:13  Overlord  
  131  9:21  Spore Crawler  
  131  9:23  Spine Crawler  
  129  9:51  Overlord x3  
  129  9:52  Hydralisk  
  129  9:53  Hydralisk x4  
  129  9:56  Hydralisk  
  129  9:57  Hydralisk x2  
  145  10:03  Tunneling Claws, Grooved Spines  
  145  10:06  Burrow  
  145  10:08  Overlord x3  
  145  10:28  Roach x7  
  157  10:29  Roach x2  
  163  10:36  Hydralisk x3  
  169  10:48  Zergling x6  
  169  10:49  Zergling x12  
  178  11:02  Zergling x4  
  178  11:03  Zergling x4  
  182  11:12  Extractor  
  182  11:14  Spore Crawler  
  180  11:20  Hydralisk x3  
  168  11:57  Pneumatized Carapace  
  161  12:02  Hydralisk x7  
  153  12:10  Drone  
  153  12:11  Drone x8  
  153  12:12  Drone  
  157  12:20  Drone x6  
  137  12:32  Drone x2  
  137  12:33  Drone x3  
  127  12:59  Roach  
  127  13:00  Roach x9  
  131  13:26  Roach x7  
  131  13:46  Drone x3  
  131  13:47  Drone x4  
  124  13:58  Drone  
  124  13:59  Drone x7  
  132  14:06  Hydralisk  
  132  14:07  Hydralisk, Extractor  
  132  14:09  Infestation Pit  
  130  14:15  Overlord x3  
  127  14:17  Roach x16  
  124  14:25  Roach  
  124  14:26  Roach x9  
  124  14:41  Hydralisk x2  
  124  14:42  Hydralisk x5  
  138  14:50  Ravager  
  138  14:51  Ravager x7  
  138  14:52  Ravager x7  
  151  14:53  Ravager x2  
  131  15:10  Spine Crawler x2  
  131  15:11  Spine Crawler  
  131  15:12  Spine Crawler  
  127  15:31  Hatchery  
  126  15:41  Hatchery  
  125  15:45  Hydralisk x5  
  125  15:46  Hydralisk  
  122  16:11  Hatchery  
Show
View Real Time Build Order
Export as new Build Order

ONe Protoss - Winner!

Build Orders:  

Get SALT Encoding   

  12  0:01  Probe  
  13  0:15  Probe  
  13  0:20  Pylon  
  14  0:27  Probe  
  15  0:39  Probe  
  15  0:41  Gateway  
  16  0:47  Probe  
  16  0:55  Probe  
  17  1:03  Assimilator  
  18  1:06  Probe  
  19  1:12  Assimilator  
  19  1:25  Pylon  
  19  1:29  Probe  
  19  1:41  Probe  
  20  1:52  Nexus  
  20  1:53  Probe  
  21  2:06  Cybernetics Core  
  21  2:12  Gateway  
  21  2:18  Probe  
  22  2:30  Probe  
  23  2:42  Adept, Probe  
  26  2:49  Warp Gate  
  26  2:53  Pylon  
  26  2:54  Probe  
  27  3:00  Stalker  
  29  3:09  Stalker  
  31  3:16  Probe  
  31  3:24  Probe  
  31  3:34  Probe  
  32  3:40  Probe  
  32  3:41  Pylon  
  34  3:46  Probe  
  34  3:48  Stalker x2  
  39  3:52  Probe  
  39  3:55  Stargate  
  40  3:58  Probe  
  41  4:05  Probe  
  42  4:10  Probe  
  43  4:17  Zealot  
  43  4:21  Zealot  
  46  4:25  Probe  
  46  4:26  Probe  
  46  4:30  Forge  
  49  4:38  Probe  
  49  4:39  Zealot  
  51  4:49  Zealot  
  53  4:58  Probe  
  53  4:59  Probe  
  55  5:01  Oracle  
  55  5:03  Protoss Ground Weapons Level 1  
  58  5:08  Assimilator  
  58  5:10  Probe  
  58  5:12  Probe, Pylon  
  60  5:25  Probe  
  61  5:29  Photon Cannon  
  61  5:32  Photon Cannon  
  62  5:35  Probe  
  62  5:36  Photon Cannon  
  62  5:37  Probe  
  62  5:38  Oracle  
  62  5:42  Assimilator  
  66  5:44  Zealot x2  
  70  6:01  Robotics Facility  
  70  6:04  Pylon  
  70  6:07  Pylon  
  70  6:09  Gateway  
  70  6:15  Gateway  
  70  6:16  Gateway  
  70  6:21  Pylon  
  70  6:22  Probe  
  70  6:23  Pylon  
  71  6:27  Pylon  
  71  6:30  Probe  
  72  6:34  Probe  
  73  6:57  Protoss Ground Armor Level 1  
  67  7:24  Oracle  
  67  7:26  Stalker  
  72  7:40  Adept  
  74  7:50  Photon Cannon  
  74  7:52  Photon Cannon  
  74  7:58  Photon Cannon  
  73  8:01  Oracle  
  73  8:04  Probe  
  77  8:16  Probe  
  77  8:19  Pylon  
  78  8:21  Nexus  
  78  8:24  Observer, Pylon  
  79  8:27  Pylon  
  79  8:29  Probe  
  80  8:40  Zealot  
  80  8:41  Zealot x4, Immortal, Probe  
  85  8:48  Photon Cannon  
  90  8:49  Photon Cannon  
  90  8:53  Photon Cannon, Probe  
  94  9:05  Photon Cannon  
  94  9:11  Gateway  
  94  9:12  Gateway  
  94  9:14  Immortal  
  94  9:19  Twilight Council  
  94  9:22  Pylon  
  98  9:28  Probe  
  99  9:34  Pylon  
  99  9:40  Probe  
  99  9:41  Probe, Robotics Facility  
  101  9:48  Probe  
  102  9:53  Probe  
  102  9:56  Probe  
  102  9:57  Pylon  
  102  9:59  Pylon  
  103  10:04  Immortal  
  103  10:05  Probe  
  105  10:08  Probe  
  105  10:09  Charge  
  106  10:17  Probe  
  106  10:21  Probe  
  112  10:33  Immortal  
  112  10:35  Stalker x2  
  114  10:36  Stalker x2, Immortal  
  114  10:37  Stalker  
  130  11:03  Robotics Bay  
  130  11:08  Sentry x4  
  130  11:09  Sentry  
  140  11:13  Immortal  
  140  11:15  Immortal  
  148  11:32  Probe  
  149  11:35  Assimilator  
  149  11:38  Assimilator  
  149  11:44  Probe  
  150  11:56  Probe  
  149  12:07  Pylon  
  147  12:08  Probe  
  145  12:18  Colossus  
  145  12:19  Protoss Ground Weapons Level 2, Colossus  
  145  12:20  Probe  
  141  12:23  Extended Thermal Lance  
  133  12:46  Zealot  
  133  12:47  Zealot x2  
  133  12:48  Zealot x2  
  133  12:49  Zealot x2  
  146  13:10  Nexus  
  146  13:27  Nexus  
  146  13:35  Phoenix  
  146  14:03  Colossus  
  146  14:09  Colossus  
  145  14:11  Pylon  
  145  14:20  Nexus  
  145  14:22  Pylon  
  145  14:23  Pylon  
  155  14:26  Pylon  
  147  14:46  Colossus  
  147  14:53  Colossus  
  147  14:55  Zealot x3  
  147  14:56  Zealot x4  
  172  15:21  Photon Cannon  
  172  15:22  Photon Cannon  
  172  15:23  Photon Cannon  
  172  15:24  Photon Cannon  
  172  15:26  Photon Cannon  
  172  15:27  Photon Cannon  
  172  15:28  Photon Cannon  
  172  15:31  Assimilator  
  172  15:46  Nexus  
  172  15:49  Pylon  
Tags
 
Add a new tag
Caveats
  • Supply blocks, unpowered buildings, or Contaminate may cause inaccurate times.
  • Supply counts are checked every 10 seconds.